Map: [ESL] Oceanborn

Players

DisReSpeCT

  • Race: Terran Terran
  • Spawn Location: 11:00

Vindicta - Winner!

  • Race: Terran Terran
  • Spawn Location: 5:00

Event: ESL SC2 Masters 2023 Winter (Finals)

VOD

Have the link to the VOD?

Description

Time

  • Played on: Dec. 15, 2023, 4 p.m.
  • Length: 11:32

All games in this series

Show
View Real Time Build Order
Export as new Build Order

DisReSpeCT Terran 

Build Orders:  

Get SALT Encoding   

  12  0:00  SCV  
  13  0:12  SCV  
  14  0:17  Supply Depot  
  14  0:24  SCV  
  15  0:39  SCV  
  15  0:40  Barracks  
  16  0:43  Refinery  
  16  0:51  SCV  
  16  0:52  Refinery  
  17  1:03  SCV  
  18  1:15  SCV  
  19  1:28  Orbital Command, Reaper  
  19  1:32  Supply Depot  
  20  1:40  Factory  
  20  1:53  SCV  
  21  2:00  Reaper  
  22  2:07  SCV  
  23  2:16  Command Center  
  23  2:19  SCV  
  24  2:24  Hellion  
  25  2:38  Marine  
  25  2:39  SCV  
  27  2:50  Hellion  
  25  2:51  SCV  
  26  3:06  SCV  
  26  3:12  Hellion, Reaper  
  30  3:18  SCV  
  30  3:31  Supply Depot, SCV  
  31  3:38  Starport  
  29  3:43  SCV  
  29  3:44  Marine  
  31  3:55  Cyclone  
  31  4:03  Orbital Command  
  31  4:07  SCV  
  30  4:16  Starport Tech Lab, Marine  
  29  4:19  SCV  
  30  4:27  Cyclone  
  30  4:29  SCV  
  30  4:31  SCV  
  34  4:35  Banshee  
  37  4:41  SCV  
  37  4:42  Cloaking Field  
  37  4:43  SCV, Marine  
  40  4:53  SCV  
  40  4:55  SCV  
  42  5:01  Supply Depot, Refinery  
  42  5:05  SCV  
  43  5:07  Factory Tech Lab, SCV  
  44  5:14  Barracks Reactor  
  44  5:17  Banshee, SCV  
  48  5:25  SCV  
  49  5:30  Siege Tank, SCV  
  48  5:39  SCV  
  48  5:42  SCV  
  45  5:51  SCV  
  45  5:52  Marine  
  45  5:54  Command Center, SCV  
  48  6:04  SCV  
  48  6:06  SCV  
  49  6:16  SCV  
  49  6:18  SCV  
  51  6:19  Marine  
  51  6:20  Barracks  
  51  6:21  Barracks  
  52  6:28  SCV  
  52  6:30  SCV  
  51  6:34  Refinery  
  51  6:35  Engineering Bay  
  51  6:38  Engineering Bay  
  51  6:39  Marine x2  
  53  6:40  SCV  
  53  6:42  SCV  
  53  6:45  Siege Tank  
  60  6:47  Raven  
  60  6:50  Interference Matrix  
  60  6:52  SCV  
  61  6:54  SCV  
  62  7:05  Terran Infantry Weapons Level 1, Terran Infantry Armor Level 1, SCV  
  62  7:06  Orbital Command, SCV  
  66  7:08  Barracks Reactor x2  
  64  7:16  Barracks Tech Lab  
  64  7:17  SCV  
  64  7:19  SCV  
  63  7:24  Barracks  
  63  7:25  Barracks  
  63  7:26  Siege Tank  
  63  7:27  Orbital Command, Raven  
  69  7:30  SCV  
  69  7:31  SCV  
  69  7:35  Marine  
  71  7:42  SCV  
  71  7:43  SCV  
  73  7:49  Marine x3  
  73  7:50  Supply Depot x2  
  76  7:54  SCV  
  77  8:03  SCV x2, Marine x2  
  80  8:06  SCV  
  80  8:07  Marine x2  
  80  8:11  Marine x2  
  80  8:12  Siege Tank, Marine  
  89  8:13  Stimpack  
  89  8:15  Orbital Command, SCV  
  89  8:18  SCV  
  89  8:21  Marine x2  
  79  8:35  SCV x2  
  79  8:36  Marine x3  
  79  8:40  Marine x4  
  87  8:42  SCV  
  87  8:47  SCV x2  
  90  8:54  Marine  
  76  9:14  Marine x2  
  76  9:15  Siege Tank, Marine x2  
  76  9:16  SCV x2  
  78  9:21  Armory, Marine  
  76  9:25  Barracks Reactor x2, SCV  
  75  9:32  Barracks x2, Marine x2  
  75  9:34  Barracks  
  75  9:36  Marine x2  
  75  9:37  Medivac x2  
  75  9:38  SCV  
  84  9:39  Marine  
  84  9:41  SCV  
  84  9:43  Orbital Command  
  86  9:45  Supply Depot  
  86  9:50  Siege Tank, Marine x2, SCV  
  92  9:58  Marine x2  
  92  9:59  Marine  
  95  10:02  Marine  
  95  10:06  Combat Shield, Marine x3  
  97  10:14  Marine x2  
  90  10:16  Marine x2  
  90  10:18  Marine  
  90  10:20  SCV, Marine  
  95  10:22  Siege Tank  
  95  10:23  Marine x3  
  95  10:24  Marine  
  93  10:36  Marine x4  
  93  10:38  SCV  
  93  10:40  Marine  
  95  10:43  Marine x2  
  93  10:56  Marine x2  
  89  10:57  Marine  
  83  11:12  SCV x2  
Show
View Real Time Build Order
Export as new Build Order

Vindicta Terran - Winner!

Build Orders:  

Get SALT Encoding   

  12  0:00  SCV  
  13  0:13  Supply Depot  
  13  0:19  SCV  
  14  0:35  Barracks  
  14  0:39  Refinery  
  14  0:54  Barracks  
  14  0:58  SCV  
  15  1:10  SCV  
  16  1:23  Reaper  
  16  1:24  Orbital Command  
  17  1:29  Refinery  
  17  1:41  Reaper  
  18  1:50  SCV  
  19  1:57  Reaper  
  20  2:02  Supply Depot, SCV  
  21  2:13  Reaper  
  21  2:14  SCV  
  23  2:27  SCV  
  23  2:29  Factory  
  23  2:39  Reaper  
  23  2:40  SCV  
  25  2:50  Reaper  
  26  2:52  SCV  
  26  3:05  SCV  
  25  3:11  Command Center  
  25  3:16  Cyclone  
  26  3:22  SCV  
  26  3:30  Supply Depot  
  26  3:34  Starport  
  26  3:39  SCV  
  26  3:49  Cyclone  
  26  3:53  SCV  
  25  4:05  SCV  
  26  4:17  SCV  
  26  4:18  Medivac  
  26  4:21  Factory Tech Lab  
  29  4:29  SCV  
  30  4:33  Marine  
  31  4:40  Siege Tank  
  31  4:41  SCV  
  35  4:46  Orbital Command  
  35  4:47  Barracks Reactor, Barracks Tech Lab  
  35  4:52  Starport Tech Lab  
  35  4:53  SCV  
  35  5:06  Command Center  
  35  5:07  SCV  
  35  5:11  Raven  
  35  5:13  SCV  
  39  5:19  Siege Tank, SCV  
  43  5:23  Marine  
  43  5:24  Marine  
  43  5:26  SCV  
  46  5:32  SCV  
  47  5:39  SCV  
  47  5:41  Marine  
  47  5:50  Marine, SCV  
  47  5:51  Siege Tank, SCV  
  53  6:02  SCV  
  53  6:03  SCV  
  53  6:07  Supply Depot  
  51  6:15  SCV x2  
  51  6:23  Orbital Command  
  50  6:27  SCV  
  50  6:28  SCV  
  50  6:31  Viking  
  50  6:35  Refinery  
  50  6:36  Refinery  
  50  6:38  Marine  
  50  6:39  SCV  
  52  6:40  Viking, SCV  
  55  6:51  SCV  
  55  6:52  Siege Tank, SCV  
  55  6:54  SCV  
  61  6:56  Marine  
  62  7:03  SCV  
  62  7:04  SCV  
  62  7:06  SCV  
  65  7:10  Viking  
  65  7:12  Supply Depot  
  65  7:15  Viking, SCV  
  70  7:19  SCV  
  70  7:20  Orbital Command  
  72  7:26  Siege Tank  
  72  7:27  SCV  
  75  7:33  Stimpack, SCV  
  75  7:35  Supply Depot  
  76  7:39  SCV  
  76  7:41  Barracks  
  76  7:42  Barracks  
  77  7:45  SCV  
  77  7:47  SCV  
  79  7:51  SCV  
  79  7:57  SCV  
  80  7:58  Viking  
  80  7:59  Viking, SCV  
  80  8:01  Marine  
  80  8:03  SCV  
  87  8:06  Siege Tank  
  87  8:10  SCV  
  91  8:15  SCV, Engineering Bay  
  91  8:16  Engineering Bay  
  91  8:19  SCV  
  93  8:22  SCV  
  91  8:27  SCV  
  91  8:31  SCV  
  91  8:32  Viking, Barracks Reactor x2  
  91  8:34  SCV  
  95  8:38  Siege Tank  
  99  8:41  Marine  
  99  8:43  SCV  
  99  8:46  Terran Infantry Weapons Level 1, Terran Infantry Armor Level 1  
  101  8:50  Supply Depot, Refinery  
  101  8:51  Refinery  
  101  8:53  SCV  
  101  8:54  SCV  
  100  8:56  Barracks x2  
  100  8:59  Marine, SCV  
  93  9:10  Siege Tank, Marine x4  
  93  9:11  SCV  
  93  9:15  Sensor Tower  
  93  9:16  Combat Shield  
  98  9:18  SCV  
  98  9:19  SCV  
  98  9:23  SCV  
  102  9:28  Marine x3  
  102  9:29  Medivac x2  
  102  9:30  Marine  
  102  9:31  SCV x2  
  112  9:37  SCV  
  111  9:43  Armory, SCV  
  112  9:45  Marine  
  112  9:46  Barracks Reactor x2  
  112  9:47  SCV  
  112  9:49  SCV  
  112  9:50  Marine  
  112  9:51  Supply Depot  
  112  9:52  Supply Depot  
  113  9:55  Command Center, Marine  
  113  9:56  Marine x2  
  113  9:57  SCV  
  117  10:12  Medivac, Marine x2, SCV  
  117  10:13  Marine  
  117  10:14  SCV x2  
  125  10:15  Supply Depot x2  
  125  10:16  Medivac  
  125  10:18  Siege Tank, Factory  
  130  10:21  Marine  
  130  10:23  Marine x2  
  130  10:27  Orbital Command, Supply Depot  
  130  10:28  SCV x2  
  133  10:32  Marine  
  133  10:36  Marine  
  133  10:39  Supply Depot  
  133  10:40  Marine, SCV, Supply Depot x2  
  133  10:41  Marine  
  133  10:43  Marine x2  
  133  10:44  Marine x3  
  133  10:47  SCV  
  129  10:50  Siege Tank, Marine  
  129  10:54  Orbital Command  
  129  10:55  Marine  
  134  10:58  Marine  
  134  10:59  Marine  
  134  11:01  Marine x2  
  134  11:02  Marine x3  
  141  11:08  Marine  
  141  11:10  Factory Tech Lab  
  135  11:13  Marine  
Tags
 
Add a new tag
Caveats
  • Supply blocks, unpowered buildings, or Contaminate may cause inaccurate times.
  • Supply counts are checked every 10 seconds.